 Dungeon Crawl Stone Soup version 0.26-a0-259-g1effd001a9 (webtiles) character file.

Game seed: 1998017494454128628

(classic levelgen) 54208 EnegeticOcto the Cleaver (level 14, -11/138 HPs)
             Began as a Deep Dwarf Fighter on July 16, 2020.
             Was the Champion of Makhleb.
             Mangled by a moth of wrath (14 damage)
             ... on level 3 of the Spider Nest.
             The game lasted 00:08:29 (8559 turns).

EnegeticOcto the Cleaver (Deep Dwarf Fighter)       Turns: 8559, Time: 00:08:29

Health: -11/138    AC: 21    Str: 25    XL:     14   Next: 33%
Magic:  10/10      EV: 10    Int: 15    God:    Makhleb [******]
Gold:   2161       SH:  0    Dex: 12    Spells: 13/13 levels left

rFire    . . .     SeeInvis +   D - +14 obsidian axe {vorpal, +Fly SInv *Curse} (curse)
rCold    . . .     Faith    .   c - +0 kite shield
rNeg     + . .     Spirit   .   R - +4 chain mail of the Eternal Void {Int+6}
rPois    .         Reflect  .   x - +0 helmet
rElec    .         Harm     .   (no cloak)
rCorr    .                      (no gloves)
MR       ++...                  (no boots)
Stlth    ..........             (no amulet)
HPRegen  0.00/turn              z - +4 ring of protection
MPRegen  0.12/turn              u - +4 ring of evasion

@: lethally poisoned (-11 -> -43), mesmerised, held, non-regenerating, studying
Bows
A: damage resistance, heal wounds, mutation resistance 1, negative energy
resistance 1, sense surroundings 2, no regeneration
a: Heal Wounds, Minor Destruction, Lesser Servant of Makhleb, Major Destruction,
Greater Servant of Makhleb, Renounce Religion, Evoke Flight


You were on level 3 of the Spider Nest.
You worshipped Makhleb.
Makhleb was exalted by your worship.
You were not hungry.

You visited 4 branches of the dungeon, and saw 18 of its levels.
You also visited: Sewer and Bailey.

You collected 3081 gold pieces.
You spent 920 gold pieces at shops.

Inventory:

Hand Weapons
 D - the cursed +14 obsidian axe (weapon) {vorpal, +Fly SInv *Curse}
   (You took it off a skeletal warrior on level 9 of the Dungeon)

   It inflicts extra damage upon your enemies.
   It lets you see invisible.
   It lets you fly.
   It curses itself when equipped.
   It has a curse placed upon it.
Missiles
 K - a throwing net (quivered)
Armour
 c - a +0 kite shield (worn)
 j - a +0 chain mail
 x - a +0 helmet (worn)
 P - a +0 plate armour
 Q - the +1 chain mail of Haizoy Wasuo {SInv}
   (You bought it in a shop on level 2 of the Orcish Mines)

   It lets you see invisible.
 R - the +4 chain mail of the Eternal Void (worn) {Int+6}
   (You bought it in a shop on level 2 of the Orcish Mines)

   It affects your intelligence (+6).
Jewellery
 u - a +4 ring of evasion (right hand)
 z - a +4 ring of protection (left hand)
Wands
 l - a wand of acid (18) {@v1}
 w - a wand of iceblast (12)
 y - a wand of flame (35) {@v3}
 H - a wand of polymorph (11)
 M - a wand of disintegration (11)
 O - a wand of paralysis (8)
Scrolls
 b - 2 scrolls of enchant weapon
 i - 6 scrolls of fear
 o - 3 scrolls of magic mapping {@r5}
 r - 4 scrolls of teleportation {@r2}
 s - 3 scrolls of fog
 t - 2 scrolls of remove curse {@r6}
 I - a scroll of vulnerability
 L - a scroll of holy word
 S - a scroll of enchant armour
Potions
 d - 8 potions of curing {@q1}
 f - 5 potions of lignification {@q7}
 g - 5 potions of brilliance
 k - 6 potions of might {@q3}
 n - 2 potions of haste {@q4}
 p - 6 potions of magic
 q - 7 potions of heal wounds {@q2}
 v - 8 potions of mutation
 A - 4 potions of flight
 C - 2 potions of ambrosia
 F - a potion of resistance {unknown}
 J - a potion of cancellation {unknown}
Books
 E - a manual of Bows
Miscellaneous
 B - a box of beasts
 T - a phial of floods
Comestibles
 e - 50 rations


   Skills:
 * Level 12.1 Fighting
 * Level 13.8 Axes
 + Level 10.5 Armour
 + Level 10.0 Dodging
 + Level 10.5 Shields
 + Level 11.3 Invocations


You had 13 spell levels left.
You didn't know any spells.
Your spell library contained the following spells:

 Spells                   Type           Power        Failure   Level
 Animate Skeleton         Necr           #.....       93%         1
 Apportation              Tloc           #.....       93%         1
 Beastly Appendage        Tmut           #.....       93%         1
 Corona                   Hex            #......      93%         1
 Freeze                   Ice            #...         93%         1
 Summon Small Mammal      Summ           #...         93%         1
 Corpse Rot               Necr/Air       N/A          98%         2
 Sticks to Snakes         Tmut           #.......     98%         2
 Frozen Ramparts          Ice            #.....       100%        3
 Ozocubu's Armour         Chrm/Ice       #.......     100%        3
 Spider Form              Tmut/Pois      #.........   100%        3
 Stone Arrow              Conj/Erth      #.....       100%        3
 Hailstorm                Conj/Ice       #.......     100%        4
 Ice Form                 Ice/Tmut       #.......     100%        4
 Summon Ice Beast         Ice/Summ       #.......     100%        4
 Blade Hands              Tmut           #.........   100%        5
 Summon Forest            Summ/Tloc      #.........   100%        5
 Eringya's Noxious Bog    Tmut/Pois      #.........   100%        6
 Hydra Form               Tmut           #.........   100%        6
 Summon Hydra             Summ           #.........   100%        7


Dungeon Overview and Level Annotations

Branches:
Dungeon (11/15)            Temple (0/1) D:5            Lair (2/6) D:10
 Spider (3/4) Lair:2          Orc (2/2) D:11            Elf (0/3) Orc:2
  Sewer (visited)          Bailey (visited)
  Swamp: Lair:2-4    Shoals: Lair:2-4

Altars:
Makhleb
Xom
Beogh

Shops:
D:6 :   Orc:1 *?   Orc:2 =%[%


Innate Abilities, Weirdness & Mutations

You are resistant to damage.
You can heal yourself by infusing magical energy.
You resist negative energy. (rN+)
You passively map the area around you.
You do not regenerate.
You are somewhat resistant to further mutation.


Message History

The jumping spider pounces on you!!
You are even more entangled.
The jumping spider bites you but does no damage.
The redback barely misses you.
You are too injured to fight recklessly!
You are too injured to fight recklessly!
You are too injured to fight recklessly!
You are too injured to fight recklessly!
You are too injured to fight recklessly!
You are too injured to fight recklessly!
You are too injured to fight recklessly!
You are too injured to fight recklessly!
You are too injured to fight recklessly!
You are too injured to fight recklessly!
You are too injured to fight recklessly!
You are too injured to fight recklessly!
You are too injured to fight recklessly!
You are too injured to fight recklessly!
You are too injured to fight recklessly!
You are too injured to fight recklessly!
You are too injured to fight recklessly!
You are too injured to fight recklessly!
You are too injured to fight recklessly!
You are too injured to fight recklessly!
You feel much better.
Visions of slaying the moth of wrath flood into your mind.
You feel very sick. The jumping spider pounces on you!
The jumping spider bites you. The jumping spider pounces on you!
* * * LOW HITPOINT WARNING * * *
The jumping spider barely misses you. The redback closely misses you.
A redback comes into view.
Your orange demon stings the redback but does no damage.
The moth of wrath bites you but does no damage.
The jumping spider pounces on you!
* * * LOW HITPOINT WARNING * * *
The jumping spider barely misses you.
The jumping spider pounces on you but does no damage.
The jumping spider closely misses you.
You struggle to detach yourself from the web.
Visions of slaying the jumping spider flood into your mind.
* * * LOW HITPOINT WARNING * * *
You feel very sick. The jumping spider barely misses you.
The jumping spider bites you but does no damage.
The redback bites your orange demon!!
Your orange demon dies!
The moth of wrath bites you.
* * * LOW HITPOINT WARNING * * *
The jumping spider leaps!
The jumping spider barely misses you. The jumping spider bites you!
* * * LOW HITPOINT WARNING * * *
The jumping spider pounces on you but does no damage.
The jumping spider bites you but does no damage.
Your magical essence is drained by the effort!
You feel much better.
Visions of slaying the moth of wrath flood into your mind.
You feel very sick. The jumping spider pounces on you.
The jumping spider bites you but does no damage.
The jumping spider pounces on you!
* * * LOW HITPOINT WARNING * * *
The jumping spider bites you but does no damage.
The jumping spider pounces on you.
The jumping spider completely misses you.
The jumping spider misses you. The jumping spider bites you.
* * * LOW HITPOINT WARNING * * *
The moth of wrath goads the jumping spider on!
The jumping spider goes berserk!
The moth of wrath goads the jumping spider on!
The jumping spider goes berserk!
Your hellwing barely misses the redback. x2
The jumping spider pounces on you but does no damage.
The jumping spider bites you but does no damage.
The jumping spider pounces on you.
The jumping spider bites you but does no damage.
The jumping spider pounces on you!
* * * LOW HITPOINT WARNING * * *
The jumping spider misses you.
An orb spider comes into view.
The moth of wrath bites you.
You hear an angry buzzing noise.
You feel much better.
* * * LOW HITPOINT WARNING * * *
You feel very sick. The redback bites your hellwing.
The jumping spider pounces on you but does no damage.
The jumping spider bites you but does no damage.
The jumping spider pounces on you but does no damage.
The jumping spider bites you but does no damage.
The jumping spider pounces on you but does no damage.
The jumping spider bites you but does no damage.
The redback bites your hellwing but does no damage.
Your hellwing hits the redback. x2; The jumping spider pounces on you!!
* * * LOW HITPOINT WARNING * * *
The jumping spider barely misses you. The jumping spider pounces on you!!
* * * LOW HITPOINT WARNING * * *
You are even more entangled.
The jumping spider bites you. The jumping spider closely misses you.
The jumping spider barely misses you. The moth of wrath bites you!
You die...

##...#.###.....* ,
#≈#<.....>.#....,
#≈.......^....s#
#≈..........4.# ,
, ##........°s°.,
##≈..#........, .
#≈≈.......#s##..#,
, ,
#≈≈≈....s(......^
#≈≈≈≈≈..#@s......
, ,
##≈≈≈##4#ys.#.##.
, , #####≈s.......
, *, ##..........
* #...%...... , ,
##..≈#..#..,
#≈≈≈≈### . , >
##≈### ,, *## ,,


You could see a moth of wrath (mesmerising), an orb spider, 3 jumping spiders, 2
redbacks and a friendly hellwing (summoned).

Vanquished Creatures
  An ettin (Orc:1)
  Erolcha (Orc:1)
  A centaur warrior (D:9)
  15 two-headed ogres
  5 ogre magi
  A skeletal warrior (D:9)
  3 orc knights
  A necromancer (Spider:1)
  7 wolf spider zombies (Spider:1)
  2 wolf spiders (Spider:3)
  An ugly thing (D:11)
  A cyclops (D:11)
  2 black mambas (Lair:1)
  12 redback zombies (Spider:1)
  7 trolls
  3 jumping spiders (Lair:2)
  3 hippogriffs
  4 blink frogs (Lair:2)
  8 tarantella zombies (Spider:1)
  A shadow (D:11)
  A tarantella (Spider:2)
  5 redbacks
  2 wyverns
  25 yaks
  A hog (D:10)
  2 basilisks
  A vampire (D:10)
  A wraith (D:9)
  A human (D:10)
  A soldier ant (D:11)
  A water moccasin (D:11)
  4 wargs
  5 porcupines
  Purgy (Sewer)
  4 sky beasts
  20 orc warriors
  4 phantoms
  2 black bears (D:10)
  2 ice beasts
  29 ogres
  9 wolves
  8 centaurs
  3 crocodiles
  A big kobold (D:9)
  7 bullfrogs
  A gnoll sergeant (D:9)
  A wyvern skeleton (D:11)
  5 scorpions
  9 wights
  An electric eel (Spider:2)
  3 howler monkeys
  A bullfrog zombie (D:9)
  A centaur zombie (D:8)
  A jelly (D:9)
  A bullfrog skeleton (D:9)
  12 orc priests
  A centaur skeleton (D:9)
  A gnoll shaman (D:4)
  9 hounds
  An iguana (D:8)
  21 orc wizards
  9 worker ants
  2 hound skeletons
  Robin (D:3)
  11 adders
  16 gnolls
  2 river rats (D:3)
  3 shadow imps
  3 white imps
  An ufetubus (D:6)
  4 oozes
  4 worms
  2 dart slugs
  10 leopard geckos
  47 orcs
  7 bats
  4 giant cockroaches
  12 goblins
  15 hobgoblins
  12 jackals
  17 kobolds
  3 quokkas (D:8)
  3 ball pythons
  5 frilled lizards
  2 quokka skeletons
  13 rats
  2 plants
498 creatures vanquished.

Vanquished Creatures (collateral kills)
  An orc warlord (Orc:1)
  An ogre mage (Orc:2)
  3 two-headed ogres
  An orc high priest (Orc:1)
  An orc knight (Orc:1)
  An orb spider (Spider:2)
  A wolf spider zombie (Spider:1)
  2 cyclopes (D:10)
  An orc sorcerer (Orc:1)
  An ugly thing (D:11)
  A demonic crawler (Spider:2)
  2 jumping spiders
  4 trolls
  A hippogriff (D:11)
  A wraith (D:11)
  4 yaks
  A hog (D:10)
  A basilisk (D:10)
  A soldier ant (D:10)
  A porcupine (D:10)
  A black bear (D:10)
  6 orc warriors
  An ice beast (D:10)
  9 ogres
  4 centaurs
  A wolf (D:10)
  A wyvern skeleton (D:9)
  A howler monkey (D:10)
  2 orc priests (Orc:2)
  An iguana (D:9)
  A worker ant (D:11)
  A hound skeleton (D:11)
  3 gnolls (Bailey)
  13 orcs
  A bush (D:10)
  2 plants (D:10)
78 creatures vanquished.

Vanquished Creatures (others)
  An orc (Orc:1)
1 creature vanquished.

Grand Total: 577 creatures vanquished

Notes
Turn   | Place    | Note
-------+----------+-------------------------------------------
     0 | D:1      | EnegeticOcto the Deep Dwarf Fighter began the quest for the
                  | Orb.
     0 | D:1      | Reached XP level 1. HP: 20/20 MP: 1/1
    77 | D:1      | Reached XP level 2. HP: 27/27 MP: 2/2
   136 | D:1      | Reached skill level 1 in Dodging
   295 | D:1      | Reached XP level 3. HP: 32/34 MP: 3/3
   501 | D:2      | Found a shimmering altar of Xom.
   680 | D:2      | Reached skill level 3 in Axes
   683 | D:2      | Reached XP level 4. HP: 34/42 MP: 4/4
   691 | D:2      | Found a burning altar of Makhleb.
   804 | D:2      | Became a worshipper of Makhleb the Destroyer
   904 | D:3      | Noticed Robin
   915 | D:3      | Killed Robin
   990 | D:3      | Noticed an ice beast
  1041 | D:3      | Reached XP level 5. HP: 48/49 MP: 4/4
  1051 | D:3      | Reached skill level 1 in Invocations
  1064 | D:3      | Killed an ice beast
  1064 | D:3      | Reached skill level 4 in Axes
  1076 | D:3      | Reached * piety under Makhleb
  1076 | D:3      | Reached XP level 6. HP: 52/57 MP: 6/6
  1237 | D:3      | Found a glowing drain.
  1262 | Sewer    | Entered a sewer
  1285 | Sewer    | Noticed Purgy
  1309 | Sewer    | Killed Purgy
  1602 | D:4      | Reached XP level 7. HP: 48/66 MP: 7/7
  1715 | D:4      | Reached skill level 5 in Axes
  1724 | D:4      | Reached ** piety under Makhleb
  2094 | D:5      | Entered Level 5 of the Dungeon
  2215 | D:5      | Found a staircase to the Ecumenical Temple.
  2275 | D:5      | Reached skill level 5 in Fighting
  2316 | D:5      | Reached XP level 8. HP: 63/74 MP: 9/9
  2556 | D:6      | Reached skill level 6 in Axes
  2556 | D:6      | Reached skill level 5 in Armour
  2556 | D:6      | Reached skill level 5 in Shields
  2852 | D:6      | Found Surho's Book Boutique.
  3428 | D:7      | Reached *** piety under Makhleb
  3482 | D:7      | Gained mutation: Your body sometimes deteriorates upon
                  | taking damage. [potion of mutation]
  3482 | D:7      | Lost mutation: Your body sometimes deteriorates upon taking
                  | damage. [potion of mutation]
  3482 | D:7      | Gained mutation: You are somewhat resistant to further
                  | mutation. [potion of mutation]
  3660 | D:7      | Gained mutation: You passively map the area around you.
                  | [Deep Dwarf growth]
  3660 | D:7      | Reached XP level 9. HP: 64/82 MP: 9/9
  3704 | D:7      | Reached skill level 7 in Axes
  4085 | D:8      | Reached skill level 5 in Invocations
  4629 | D:9      | Identified a scroll of acquirement
  4629 | D:9      | Acquired the +1 broad axe of Megalomania {protect, +Inv rF-
                  | Str+3}
  4663 | D:9      | Noticed a centaur warrior
  4677 | D:9      | Reached skill level 8 in Axes
  4677 | D:9      | Reached skill level 5 in Dodging
  4688 | D:9      | Killed a centaur warrior
  4688 | D:9      | Reached XP level 10. HP: 72/94 MP: 10/10
  4749 | D:9      | Reached **** piety under Makhleb
  4793 | D:9      | Noticed a skeletal warrior
  4842 | D:9      | Killed a skeletal warrior
  4848 | D:9      | Reached skill level 9 in Axes
  5190 | D:9      | Noticed a two-headed ogre
  5195 | D:9      | Killed a two-headed ogre
  5478 | D:10     | Entered Level 10 of the Dungeon
  5478 | D:10     | Noticed a cyclops
  5484 | D:10     | Killed a cyclops
  5484 | D:10     | Reached XP level 11. HP: 94/104 MP: 6/6
  5542 | D:10     | Found a flagged portal.
  5551 | Bailey   | Entered a bailey
  5665 | Bailey   | Reached ***** piety under Makhleb
  5794 | D:10     | Reached skill level 10 in Axes
  5827 | D:10     | Found a staircase to the Lair.
  6201 | D:10     | Acquired 1820 gold pieces
  6274 | D:11     | Noticed a two-headed ogre
  6284 | D:11     | Killed a two-headed ogre
  6301 | D:11     | Noticed a two-headed ogre
  6305 | D:11     | Noticed an ogre mage
  6308 | D:11     | Noticed a purple ugly thing
  6310 | D:11     | Killed a two-headed ogre
  6310 | D:11     | Reached skill level 11 in Axes
  6316 | D:11     | Killed an ogre mage
  6316 | D:11     | Reached XP level 12. HP: 108/115 MP: 8/8
  6584 | D:11     | Found a staircase to the Orcish Mines.
  6625 | Orc:1    | Entered Level 1 of the Orcish Mines
  6723 | Orc:1    | Noticed a two-headed ogre
  6723 | Orc:1    | Noticed an ettin
  6724 | Orc:1    | Noticed an ogre mage
  6724 | Orc:1    | Noticed a two-headed ogre
  6724 | Orc:1    | Noticed a two-headed ogre
  6727 | Orc:1    | Reached ****** piety under Makhleb
  6727 | Orc:1    | Noticed a two-headed ogre
  6729 | Orc:1    | Reached skill level 10 in Fighting
  6731 | Orc:1    | Killed a two-headed ogre
  6738 | Orc:1    | Killed an ettin
  6739 | Orc:1    | Killed a two-headed ogre
  6744 | Orc:1    | Killed a two-headed ogre
  6744 | Orc:1    | Killed a two-headed ogre
  6757 | Orc:1    | Killed an ogre mage
  6757 | Orc:1    | Reached skill level 12 in Axes
  6763 | Orc:1    | Noticed an orc warlord
  6785 | Orc:1    | Killed an orc warlord
  6992 | Orc:2    | Entered Level 2 of the Orcish Mines
  7107 | Orc:2    | Found a staircase to the Elven Halls.
  7204 | Orc:2    | Reached XP level 13. HP: 111/124 MP: 9/9
  7224 | Orc:2    | Found a roughly hewn altar of Beogh.
  7296 | Orc:2    | Reached skill level 10 in Invocations
  7329 | Orc:2    | Reached skill level 13 in Axes
  7341 | Orc:2    | Found Surphun's Antique Armour Shop.
  7342 | Orc:2    | Found Gonet's Jewellery Emporium.
  7343 | Orc:2    | Found Kyb Baob's Food Shop.
  7343 | Orc:2    | Found Vohib's Food Shoppe.
  7358 | Orc:2    | Bought an ancient chain mail for 361 gold pieces
  7368 | Orc:2    | Identified the +1 chain mail of Haizoy Wasuo {SInv} (You
                  | bought it in a shop on level 2 of the Orcish Mines)
  7368 | Orc:2    | Bought a scorched chain mail for 361 gold pieces
  7378 | Orc:2    | Identified the +4 chain mail of the Eternal Void {Int+6}
                  | (You bought it in a shop on level 2 of the Orcish Mines)
  7671 | Orc:1    | Found Burghathra's Magic Scroll Shop.
  7672 | Orc:1    | Found Mooptupt's Assorted Antiques.
  7678 | Orc:1    | Bought a scroll of enchant armour for 120 gold pieces
  7694 | Orc:1    | Bought 2 golden potions for 50 gold pieces
  7694 | Orc:1    | Bought a scroll labeled CIZA CUPPIA for 28 gold pieces
  7707 | Orc:1    | Noticed Erolcha
  7713 | Orc:1    | Killed Erolcha
  7772 | Orc:1    | Reached skill level 10 in Armour
  7772 | Orc:1    | Reached skill level 10 in Shields
  8003 | Lair:1   | Entered Level 1 of the Lair of Beasts
  8195 | Lair:2   | Found a hole to the Spider Nest.
  8215 | Spider:1 | Entered Level 1 of the Spider Nest
  8246 | Spider:1 | Gained mutation: You resist negative energy. (rN+) [Deep
                  | Dwarf growth]
  8246 | Spider:1 | Reached XP level 14. HP: 136/136 MP: 11/11
  8543 | Spider:3 | Reached skill level 10 in Dodging
  8559 | Spider:3 | HP: 3/138 [jumping spider (19)]
  8559 | Spider:3 | Mangled by a moth of wrath

Illustrated notes

Levels and vault maps discovered:
D:1:      onia_arrival_handbag, layout_loops_ring
D:2:      layout_loops_ring, tgw_xom, first_ration, makhleb_heckhound_becter
D:3:      layout_basic, portal_sewer_entry_b, uniq_robin
D:4:      layout_loops_ring
D:5:      layout_rooms, temple_green, serial_park_tiny_pond
D:6:      layout_basic, serial_shops, shop
D:7:      layout_loops_cross
D:8:      layout_gridville
D:9:      minmay_the_grid_3x2 [minmay_the_grid_all_tris,
          minmay_the_grid_small_cups, minmay_the_grid_medium_cups,
          minmay_the_grid_box_x, minmay_the_grid_plusring,
          minmay_the_grid_prize_four_corners_diamond_b], layout_loops_cross
D:10:     layout_basic, minmay_lair_entry_grove, enter_bailey_2, grunt_livestock
D:11:     layout_cave_pods, orc_0_dummy, minmay_increasing_density
Lair:1:   layout_gridlike, ebering_ghost_rock_garden, columned_hall_lemuel,
          minmay_lair_oklob_items
Lair:2:   layout_long_grid, spider_nest_entry_a, minivault_19,
          patterned_corridor
Spider:1: lemuel_spider_zombies, portal_ice_cave_entry_pillars_three,
          lemuel_hornet_nest
Spider:2: layout_spider_delve, uniq_arachne, uniq_asterion, uniq_louise
Spider:3: layout_spider_delve, uniq_aizul
Orc:1:    layout_caves, serial_shops, nicolae_shop_overgrown_old_shop,
          nicolae_shop_temple_entry_statues_fountains, small_statue_alley_c,
          uniq_erolcha
Orc:2:    st_orc_ogre_mass, layout_caves, nicolae_orc_lost_temple

Skill      XL: |  1  2  3  4  5  6  7  8  9 10 11 12 13 14 |
---------------+-------------------------------------------+-----
Fighting       | 3 4 5 6 7 8 9 10 11 12 | 12.1
Dodging        | 1 2 3 4 5 6 7 8 9 10 | 10.0
Axes           | 3 4 5 6 8 9 11 12 13 | 13.8
Invocations    | 1 2 3 4 6 7 8 9 10 11 | 11.3
Shields        | 4 5 6 7 8 9 10 | 10.5
Armour         | 4 5 6 7 8 9 10 | 10.5

Action                   |  1- 3 |  4- 6 |  7- 9 | 10-12 | 13-15 || total
-------------------------+-------+-------+-------+-------+-------++-------
Melee: War axe           |    97 |   245 |   410 |       |       ||   752
       Broad axe         |       |       |    39 |   371 |   297 ||   707
Invok: Lesser Servant of |       |       |       |     2 |       ||     2
 Abil: Heal Wounds       |       |     6 |     5 |    29 |     3 ||    43
  Use: Scroll            |       |       |    17 |     2 |     8 ||    27
       Potion            |       |       |     1 |       |       ||     1
 Stab: Distracted        |       |       |       |     1 |     2 ||     3
       Fleeing           |       |       |       |     1 |       ||     1
  Eat: Ration            |       |     1 |     3 |     2 |     1 ||     7
Armor: Scale mail        |    23 |       |       |       |       ||    23
       Chain mail        |    25 |   190 |   231 |   172 |   116 ||   734
       Plate armour      |       |       |       |     6 |    13 ||    19
Dodge: Dodged            |    34 |    70 |   185 |   293 |   200 ||   782
Block: Kite shield       |    45 |   117 |   274 |   293 |   177 ||   906

Table legend:
 A = Non-vault XP
 B = Vault XP
 C = Vault XP percentage of total XP
 D = Non-vault monster count
 E = Vault monster count
 F = Vault count percentage of total count
                 A         B        C        D         E       F
            +---------+---------+-------+---------+---------+-------
      Total |   40650 |   36791 |  47.5 |     381 |     191 |  33.4
            +---------+---------+-------+---------+---------+-------
        D:1 |      35 |      10 |  22.2 |      18 |       4 |  18.2
        D:2 |      22 |      51 |  69.9 |       7 |       7 |  50.0
        D:3 |     300 |      59 |  16.4 |      27 |      13 |  32.5
        D:4 |     551 |       0 |   0.0 |      26 |       0 |   0.0
        D:5 |     377 |       0 |   0.0 |       7 |       0 |   0.0
        D:6 |     845 |       0 |   0.0 |      17 |       0 |   0.0
        D:7 |     682 |       0 |   0.0 |      13 |       0 |   0.0
        D:8 |    1016 |       0 |   0.0 |      27 |       0 |   0.0
        D:9 |    2453 |    4152 |  62.9 |      25 |      26 |  51.0
       D:10 |    3366 |    2464 |  42.3 |      24 |      18 |  42.9
       D:11 |    7311 |    1516 |  17.2 |      42 |      10 |  19.2
     Lair:1 |    2537 |       0 |   0.0 |      13 |       0 |   0.0
     Lair:2 |    1634 |    1095 |  40.1 |       9 |       4 |  30.8
   Spider:1 |       0 |   11682 | 100.0 |       0 |      29 | 100.0
   Spider:2 |    1900 |       0 |   0.0 |       8 |       0 |   0.0
   Spider:3 |    1616 |       0 |   0.0 |       4 |       0 |   0.0
      Orc:1 |   13066 |     829 |   6.0 |      76 |       1 |   1.3
      Orc:2 |    2939 |   14499 |  83.1 |      38 |      41 |  51.9
      Sewer |       0 |     140 | 100.0 |       0 |       4 | 100.0
     Bailey |       0 |     294 | 100.0 |       0 |      34 | 100.0
            +---------+---------+-------+---------+---------+-------
